 Seeded DCSS version 0.28.0-47-ge53b351184 (webtiles) character file.

Game seed: 2711404099192750385 (custom seed)

13421 NinjaNoafa the Fighter (level 12, -2/116 HPs)
             Began as a Hill Orc Monk on Apr 26, 2022.
             Was an Initiate of Gozag.
             Slain by a large abomination (12 damage)
             ... on level 10 of the Dungeon.
             The game lasted 00:30:48 (13474 turns).

NinjaNoafa the Fighter (Hill Orc Monk)             Turns: 13474, Time: 00:30:48

Health: -2/116     AC: 25    Str: 25    XL:     12   Next: 5%
Magic:  12/12      EV:  9    Int: 10    God:    Gozag
Gold:   225        SH:  0    Dex: 21    Spells: 11/11 levels left

rFire   . . .      SeeInvis .   c - +5 flail "Xumin" {elec, Will+}
rCold   . . .      Faith    .   (no shield)
rNeg    + . .      Spirit   .   l - +1 plate armour {rN+}
rPois   +          Reflect  .   (helmet restricted)
rElec   +          Harm     .   A - +2 cloak of Gifoj {rElec rPois Will+ Slay+2}
rCorr   .          Rampage  .   h - +2 pair of gloves
Will    ++...                   v - +0 pair of boots {Stlth+}
Stlth   ..........              (no amulet)
HPRegen 0.29/turn               a - +6 ring of dexterity
MPRegen 0.13/turn               b - +6 ring of strength

@: no status effects
A: antennae 1, agile 1, sense surroundings 1, screaming 1
a: Renounce Religion, Potion Petition, Call Merchant, Bribe Branch


You were on level 10 of the Dungeon.
You worshipped Gozag.
Gozag was aware of your devotion.
You visited 3 branches of the dungeon, and saw 13 of its levels.

You collected 2716 gold pieces.
You spent 1527 gold pieces at shops.
You paid 964 gold pieces to Gozag.

Inventory:

Hand Weapons
 c - the +5 flail "Xumin" (weapon) {elec, Will+}
   (You found it on level 1 of the Lair of Beasts)

   It occasionally discharges a powerful burst of electricity upon striking a
   foe.
   Will:      It increases your willpower.
 k - the +1 mace "Ziahuc" {vorpal, *Noise rPois rN+++}
   (You found it on level 3 of the Dungeon)

   It inflicts extra damage upon your enemies.
   rPois:     It protects you from poison.
   rN:        It renders you almost immune to negative energy.
   *Noise:    It may make noises in combat.
 m - a +4 spectral falchion
 u - a +4 dire flail of freezing
Missiles
 p - 4 atropa-tipped darts
 x - 4 poisoned darts (quivered)
Armour
 h - a +2 pair of gloves (worn)
 l - a +1 plate armour of positive energy (worn)
 v - a +0 pair of boots of stealth (worn)
 A - the +2 cloak of Gifoj (worn) {rElec rPois Will+ Slay+2}
   (You bought it in a shop on level 10 of the Dungeon)

   Slay:      It affects your accuracy & damage with ranged weapons and melee
   (+2).
   rElec:     It insulates you from electricity.
   rPois:     It protects you from poison.
   Will:      It increases your willpower.
Jewellery
 a - a +6 ring of dexterity (left hand)
 b - a +6 ring of strength (right hand)
Wands
 r - a wand of polymorph (6)
Scrolls
 e - 3 scrolls of noise
 f - a scroll of silence
 i - 3 scrolls of magic mapping
 t - a scroll of identify
 w - a scroll of immolation
 z - 3 scrolls of vulnerability
Potions
 d - a potion of brilliance
 j - a potion of magic
 s - 3 potions of degeneration
Miscellaneous
 n - a tin of tremorstones (inert)


   Skills:
 * Level 13.8 Fighting
 - Level 3.0 Long Blades
 - Level 10.0 Maces & Flails
 * Level 12.1 Armour
 - Level 2.4 Dodging
 - Level 1.5 Stealth
 - Level 0.7 Invocations
 - Level 7.0 Evocations


You had 11 spell levels left.
You didn't know any spells.
Your spell library contained the following spells:

 Spells                   Type           Power      Damage    Failure   Level
 Animate Skeleton         Necr           0%         N/A       98%         1
 Apportation              Tloc           0%         N/A       98%         1
 Summon Small Mammal      Summ           0%         N/A       98%         1
 Conjure Flame            Conj/Fire      0%         6-21      100%        3
 Ignite Poison            Fire/Tmut/Pois 0%         N/A       100%        3
 Sticky Flame             Conj/Fire      0%         2d3       100%        4


Dungeon Overview and Level Annotations

Branches:
Dungeon (11/15)            Temple (1/1) D:6            Lair (1/6) D:10
    Orc (0/2) D:11

Altars:
Ashenzari
Cheibriados
Dithmenos
Elyvilon
Fedhas
Gozag
Hepliaklqana
Kikubaaqudgha
Makhleb
Nemelex Xobeh
Okawaru
Qazlal
Ru
Sif Muna
Trog
Uskayaw
Vehumet
Wu Jian
Xom
Yredelemnul
Zin
The Shining One

Shops:
D:4 *   D:8 (   D:10 [


Innate Abilities, Weirdness & Mutations

You have a pair of small antennae on your head.
You are agile. (Dex +2)
You passively map a small area around you.
You occasionally shout uncontrollably at your foes.


Message History

Okay, then.
Aiming: Corrosive Bolt
Press: ? - help, Shift-Dir - straight line, f - large abomination
Aim: a large abomination (88% to hit)
The bolt of acid hits the large abomination!!
The acid corrodes the large abomination!
The large abomination is heavily damaged.
The now-empty wand crumbles to dust.
You sock the large abomination!
The large abomination is severely damaged.
The large abomination hits you but does no damage.
You completely miss the large abomination.
The large abomination is severely damaged.
The large abomination hits you!!
* * * LOW HITPOINT WARNING * * *
The large abomination is no longer covered in acid.
Okay, then.
Okay, then.
You see here 20 sling bullets.
Okay, then.
Throw: throwing net
Press: ? - help, Q - select action, (/) - cycle Shift-Dir - straight line, f/p - large abomination
Aim: a large abomination (severely damaged, 81% to hit)
You throw a throwing net.
The throwing net barely misses the large abomination.
Throw: 6 darts (poison)
Press: ? - help, Q - select action, (/) - cycle Shift-Dir - straight line, f/p - large abomination
Aim: a large abomination (severely damaged, 81% to hit)
You throw a poisoned dart.
The poisoned dart hits the large abomination.
The large abomination is severely damaged.
Throw: 5 darts (poison)
Press: ? - help, Q - select action, (/) - cycle Shift-Dir - straight line, f/p - large abomination
Aim: a large abomination (severely damaged, 81% to hit)
You throw a poisoned dart.
The poisoned dart hits the large abomination.
The large abomination is severely damaged.
The large abomination hits you!
You die...
Your body crumbles into a pile of gold.

.)..#...##.(..# #.# #.#
....#...##....# #.#######.#
....#...##....# #.........#
..(.#...##....# #..########
....#...####### #..#......#
....###..# #..#.####.#
....# ##.# #..#.#.<#.#
....####.########..#....#.#
##..............@..######.#
#.............X..........#
#................#########
#................#
#................#
#..........(.....#
#................#
#................#
##.....<....(.....#


You could see a large abomination.

Vanquished Creatures
  3 two-headed ogres
  2 large abominations (D:11)
  A wizard (D:11)
  A cane toad (Lair:1)
  A kobold demonologist (D:10)
  A polar bear (Lair:1)
  A troll (D:10)
  A vampire (D:10)
  Sigmund (D:5)
  A shadow (D:9)
  A wyvern (D:9)
  17 yaks
  2 steam dragons
  3 vampire mosquitoes (D:5)
  6 water moccasins
  An acid dragon (D:6)
  4 orc warriors
  2 black bears
  4 sky beasts
  An ice beast (D:6)
  A necrophage (D:6)
  2 small abominations (D:11)
  5 ogres
  5 centaurs
  2 kobold brigands (D:10)
  2 gnoll sergeants
  2 bullfrogs
  2 wyvern zombies
  A water moccasin zombie (D:6)
  3 scorpions
  6 killer bees (D:9)
  7 wights
  2 centaur zombies
  3 hounds
  2 bullfrog zombies (D:5)
  2 centaur skeletons
  7 orc priests
  2 bullfrog skeletons (D:7)
  4 iguanas
  6 orc wizards
  2 killer bee zombies
  22 gnolls
  12 adders
  A shadow imp (D:7)
  2 white imps
  An adder skeleton (D:5)
  2 worms
  2 dart slugs
  45 orcs
  A bat (D:3)
  10 endoplasms
  5 giant cockroaches
  4 goblins
  4 hobgoblins
  4 jackals
  11 kobolds
  3 quokkas
  3 ball pythons
  5 frilled lizards
  5 rats
264 creatures vanquished.

Vanquished Creatures (collateral kills)
  An orc warrior (D:10)
  An orc (D:10)
2 creatures vanquished.

Vanquished Creatures (others)
  A plant (Lair:1)
  4 withered plants (D:5)
5 creatures vanquished.

Grand Total: 271 creatures vanquished

Notes
Turn   | Place    | Note
-------+----------+-------------------------------------------
     0 | D:1      | NinjaNoafa the Hill Orc Monk began the quest for the Orb.
     0 | D:1      | Reached XP level 1. HP: 19/19 MP: 1/1
   343 | D:1      | Found a faded altar of an unknown god.
   347 | D:1      | Prayed at the altar of an unknown god.
   347 | D:1      | Became a worshipper of Gozag Ym Sagoz the Greedy
   378 | D:1      | Reached XP level 2. HP: 16/27 MP: 2/2
   558 | D:1      | Reached skill level 1 in Armour
   647 | D:1      | Reached skill level 4 in Fighting
   942 | D:1      | Reached XP level 3. HP: 25/33 MP: 3/3
  1436 | D:2      | Reached skill level 9 in Fighting
  1436 | D:2      | Reached XP level 4. HP: 50/50 MP: 4/4
  1791 | D:2      | Reached XP level 5. HP: 46/57 MP: 5/5
  2100 | D:2      | Found an ornate altar of the Wu Jian Council.
  2854 | D:3      | Reached XP level 6. HP: 40/63 MP: 6/6
  3412 | D:3      | Identified the +1 mace "Ziahuc" {vorpal, *Noise rPois
                  | rN+++}
  4207 | D:4      | Found Nejet's General Store.
  4212 | D:4      | Bought a tin of tremorstones (2/2) for 400 gold pieces
  4212 | D:4      | Bought a scroll of enchant armour for 75 gold pieces
  4276 | D:4      | Reached XP level 7. HP: 69/70 MP: 7/7
  4384 | D:5      | Entered Level 5 of the Dungeon
  4515 | D:5      | Noticed Sigmund
  4535 | D:5      | Killed Sigmund
  4536 | D:5      | Reached skill level 1 in Evocations
  4536 | D:5      | Reached XP level 8. HP: 57/79 MP: 8/8
  4786 | D:5      | Reached skill level 10 in Fighting
  5136 | D:5      | Reached XP level 9. HP: 75/86 MP: 9/9
  5892 | D:4      | Bought a scroll of identify for 20 gold pieces
  6243 | D:6      | Found a staircase to the Ecumenical Temple.
  6320 | Temple   | Entered the Ecumenical Temple
  7214 | D:7      | Found an ancient bone altar of Kikubaaqudgha.
  7215 | D:7      | Gained mutation: You have a pair of small antennae on your
                  | head. [potion of mutation]
  7215 | D:7      | Gained mutation: You passively map a small area around you.
                  | [potion of mutation]
  7231 | D:7      | Reached skill level 11 in Fighting
  7329 | D:7      | You fall into a shaft and drop 3 floors!
  7329 | D:10     | Entered Level 10 of the Dungeon
  7363 | D:10     | Reached XP level 10. HP: 73/95 MP: 10/10
  7490 | D:9      | Reached skill level 1 in Long Blades
  7848 | D:8      | Noticed a two-headed ogre
  7858 | D:8      | Killed a two-headed ogre
  7859 | D:8      | Reached skill level 5 in Evocations
  7927 | D:8      | Identified the +0 plate armour of Amorality {rPois Int+4
                  | Stlth+}
  8258 | D:8      | Reached skill level 10 in Armour
  8308 | D:8      | Found Bomu's Antique Weapon Emporium.
  9057 | D:7      | Reached XP level 11. HP: 34/104 MP: 11/11
  9060 | D:7      | Reached skill level 12 in Fighting
 10659 | D:10     | Reached skill level 10 in Maces & Flails
 11128 | D:10     | Gained mutation: You are agile. (Dex +2) [a neqoxec]
 11130 | D:10     | Gained mutation: You occasionally shout uncontrollably at
                  | your foes. [a neqoxec]
 11288 | D:10     | Found a staircase to the Lair.
 11390 | D:11     | Noticed a two-headed ogre
 11403 | D:11     | HP: 5/105 [two-headed ogre/+0 giant club (23)]
 11406 | D:11     | Killed a two-headed ogre
 11782 | D:11     | Found a gate leading to a gauntlet.
 11825 | D:11     | Noticed a wizard
 11830 | D:11     | Killed a wizard
 11831 | D:11     | Reached skill level 13 in Fighting
 11847 | D:11     | Noticed a large abomination
 11878 | D:11     | Noticed a cyclops
 11902 | D:11     | Noticed a two-headed ogre
 12488 | D:10     | Bought a glowing plate armour for 624 gold pieces
 12488 | D:10     | Bought a pair of glowing boots for 180 gold pieces
 12488 | D:10     | Bought a masterwork cloak for 228 gold pieces
 12488 | D:10     | Identified the +2 cloak of Gifoj {rElec rPois Will+ Slay+2}
                  | (You bought it in a shop on level 10 of the Dungeon)
 12582 | Lair:1   | Entered Level 1 of the Lair of Beasts
 12591 | Lair:1   | Identified the +5 flail "Xumin" {elec, Will+}
 13285 | D:11     | Found a staircase to the Orcish Mines.
 13405 | D:11     | Killed a large abomination
 13423 | D:11     | Killed a two-headed ogre
 13424 | D:11     | Reached XP level 12. HP: 25/116 MP: 12/12
 13444 | D:10     | HP: 1/116 [large abomination (28)]
 13474 | D:10     | Slain by a large abomination

Illustrated notes

Levels and vault maps discovered:
D:1:      wander_arrival_desolate, layout_rooms,
          hellmonk_ecumenical_altar_heavens_door
D:2:      minmay_diamond_boxcup, layout_basic, basic_altar
D:3:      layout_basic
D:4:      layout_rooms, serial_shops, nicolae_shop_hallway_plus
D:5:      layout_basic, serial_undead, serial_undead_f, serial_undead_e,
          serial_undead_d, serial_undead_f, uniq_sigmund
D:6:      layout_basic, minmay_temple_entry_nine_rooms, lightli_orcish_oven
D:7:      layout_layer_cave, kiku_gazebo_garden_becter, enter_bailey_2
D:8:      layout_loops_cross, serial_shops, nicolae_shop_advertising_works
          [nicolae_subvault_shop_adworks], chequers_serial_rivers_micro_c
D:9:      layout_gridville
D:10:     layout_basic, lair_entry_dummy
D:11:     layout_rooms, gauntlet_entry_generic, laboratory
Temple:   compressed_dpeg_circular_temple
Lair:1:   layout_chaotic_city, uniq_prince_ribbit2

Skill      XL: |  1  2  3  4  5  6  7  8  9 10 11 |
---------------+----------------------------------+-----
Armour         | 1 7 8 9 10 12 | 12.1
Fighting       | 4 9 10 11 13 | 13.8
Maces & Flails | 6 7 8 9 10 | 10.0
Evocations     | 1 3 4 5 7 |  7.0
Long Blades    | 3 |  3.0
Dodging        | |  2.4
Stealth        | |  1.5
Invocations    | |  0.7

Action                   |  1- 3 |  4- 6 |  7- 9 | 10-12 || total
-------------------------+-------+-------+-------+-------++-------
Melee: Mace              |    77 |   256 |   312 |   231 ||   876
       Punch             |       |     6 |     2 |     3 ||    11
       Falchion          |       |       |       |    30 ||    30
       Dire flail        |       |       |       |    48 ||    48
       Flail             |       |       |       |    35 ||    35
Throw: Dart              |       |       |       |     3 ||     3
       Throwing net      |       |       |       |     1 ||     1
Invok: Potion Petition   |       |       |       |     1 ||     1
       Call Merchant     |       |       |       |     1 ||     1
Evoke: Tin of tremorston |       |       |     3 |     1 ||     4
       Wand              |       |       |     8 |    25 ||    33
  Use: Scroll            |     2 |     6 |    12 |     8 ||    28
       Potion            |     1 |     1 |     3 |     5 ||    10
 Stab: Sleeping          |     3 |       |       |       ||     3
       Distracted        |       |     1 |     2 |     2 ||     5
Armor: Robe              |    12 |     2 |       |       ||    14
       Chain mail        |       |   134 |   165 |       ||   299
       Troll leather arm |       |       |    21 |    29 ||    50
       Plate armour      |       |       |       |   285 ||   285
Dodge: Dodged            |    60 |   104 |   157 |   185 ||   506
